 Dungeon Crawl Stone Soup version 0.17-a0-1887-g3e50df6 (webtiles) character file.

53 tablen the Sneak (level 3, -2/24 HPs)
             Began as an Octopode Wanderer on Sept 24, 2015.
             Slain by a giant frog (6 damage)
             ... on level 3 of the Dungeon.
             The game lasted 00:05:46 (1184 turns).

tablen the Sneak (Octopode Wanderer)                Turns: 1184, Time: 00:05:50

Health: -2/24      AC:  1    Str:  9    XL:     3   Next: 87%
Magic:  6/6        EV: 11    Int: 16    God:
Gold:   11         SH:  0    Dex: 12    Spells: 1 memorised, 5 levels left

rFire  . . .     SeeInvis .     b - +0 hand axe
rCold  . . .     Clarity  .     (no shield)
rNeg   . . .     SustAt   .     (helmet restricted)
rPois  .         Gourm    .     (no amulet)
rElec  .         Spirit   .     (no ring)
rCorr  .         Warding  .     (no ring)
rMut   .         Stasis   .     (no ring)
MR     .....                    (no ring)
Stlth  ++++......               (no ring)
                                (no ring)
                                (no ring)
                                (no ring)

@: lethally poisoned (-2 -> -10), not resistant to hostile enchantments,
stealthy
A: almost no armour, amphibious, 8 rings, constrict 8, camouflage 1, gelatinous
body 1
a: no special abilities


You were on level 3 of the Dungeon.
You were not hungry.

You visited 1 branch of the dungeon, and saw 3 of its levels.

You collected 11 gold pieces.

Inventory:

Hand weapons
 b - a +0 hand axe (weapon)
 c - a +0 shortbow
Missiles
 d - 25 arrows
Scrolls
 f - a scroll of enchant weapon {unknown}
Books
 a - a book of Minor Magic

   Spells                             Type                      Level
   a - Magic Dart                     Conjuration                  1
   b - Blink                          Translocation                2
   c - Call Imp                       Summoning                    2
   d - Repel Missiles                 Charms/Air                   2
   e - Slow                           Hexes                        2
   f - Conjure Flame                  Conjuration/Fire             3
   g - Mephitic Cloud                 Conjuration/Poison/Air       3


   Skills:
 - Level 2.0 Fighting
 - Level 1.0 Bows
 - Level 1.1 Throwing
 * Level 4.4 Stealth
   Level 1.0 Shields
 - Level 2.3 Spellcasting
   Level 3.0 Ice Magic


You had 5 spell levels left.
You knew the following spells:

 Your Spells              Type           Power        Failure   Level  Hunger
a - Magic Dart            Conj           #...         21%         1    #......


Dungeon Overview and Level Annotations

Branches:
Dungeon (3/15)

Altars:

Annotations:
D:3 Jessica


Innate Abilities, Weirdness & Mutations

You cannot wear most types of armour.
You are amphibious.
You can wear up to eight rings at the same time.
You can use your tentacles to constrict eight enemies at once.
Your skin changes colour to match your surroundings (Stealth).
Your rubbery body absorbs attacks (AC +1).


Message History

The adder poisons you!
You miss the adder. Your grab misses the adder. Your squeeze misses the adder.
You feel sick. The adder completely misses you. The adder closely misses you.
You barely miss the adder. Your grab misses the adder. The adder bites you.
You are more poisoned.
The adder poisons you!
You hit the adder. You grab the adder.
The adder is moderately wounded.
You hit the giant frog.
The giant frog is lightly wounded.
You constrict the adder.
You feel sick. The adder barely misses you. The giant frog closely misses you.
The adder closely misses you.
You hit the adder.
You kill the adder!
You hit the giant frog.
The giant frog is moderately wounded.
You feel sick. The giant frog hits you!
* * * LOW HITPOINT WARNING * * *
The giant frog hits you.
You die...

#.
..#.#
#
#.#.#
#.#.#
#.#.#
#...#
#..##
#..#
#.)#
#.@#
#F†..#
##.#.#
#.#.#
#.# #
#.# #
#.# #
... #


You could see a giant frog.

Vanquished Creatures
  A crimson imp (D:3)
  An adder (D:3)
  An ooze (D:3)
  A giant cockroach (D:1)
  A bat (D:1)
  A giant newt (D:1)
  A goblin (D:3)
  A kobold (D:1)
  2 rats (D:1)
10 creatures vanquished.

Notes
Turn   | Place    | Note
--------------------------------------------------------------
     0 | D:1      | tablen the Octopode Wanderer began the quest for the Orb.
     0 | D:1      | tablen set off with: a book of Minor Magic, a +0 hand axe, a +0 shortbow, 25 arrows, a bread ration, a !bad item (cl:100,ty:0,pl:0,pl2:0,sp:0,qu:0), a !bad item (cl:100,ty:0,pl:0,pl2:0,sp:0,qu:0), a !bad item (cl:100,ty:0,pl:0,pl2:0,sp:0,qu:0), a !bad item (cl:100,ty:0,pl:0,pl2:0,sp:0,qu:0), a !bad item (cl:100,ty:0,pl:0,pl2:0,sp:0,qu:0), a !bad item (cl:100,ty:0,pl:0,pl2:0,sp:0,qu:0), a !bad item (cl:100,ty:0,pl:0,pl2:0,sp:0,qu:0), a !bad item (cl:100,ty:0,pl:0,pl2:0,sp:0,qu:0), a !bad item (cl:100,ty:0,pl:0,pl2:0,sp:0,qu:0), a !bad item (cl:100,ty:0,pl:0,pl2:0,sp:0,qu:0), a !bad item (cl:100,ty:0,pl:0,pl2:0,sp:0,qu:0), a !bad item (cl:100,ty:0,pl:0,pl2:0,sp:0,qu:0), a !bad item (cl:100,ty:0,pl:0,pl2:0,sp:0,qu:0), a !bad item (cl:100,ty:0,pl:0,pl2:0,sp:0,qu:0), a !bad item (cl:100,ty:0,pl:0,pl2:0,sp:0,qu:0), a !bad item (cl:100,ty:0,pl:0,pl2:0,sp:0,qu:0), a !bad item (cl:100,ty:0,pl:0,pl2:0,sp:0,qu:0), a !bad item (cl:100,ty:0,pl:0,pl2:0,sp:0,qu:0), a !bad item (cl:100,ty:0,pl:0,pl2:0,sp:0,qu:0), a !bad item (cl:100,ty:0,pl:0,pl2:0,sp:0,qu:0), a !bad item (cl:100,ty:0,pl:0,pl2:0,sp:0,qu:0), a !bad item (cl:100,ty:0,pl:0,pl2:0,sp:0,qu:0), a !bad item (cl:100,ty:0,pl:0,pl2:0,sp:0,qu:0), a !bad item (cl:100,ty:0,pl:0,pl2:0,sp:0,qu:0), a !bad item (cl:100,ty:0,pl:0,pl2:0,sp:0,qu:0), a !bad item (cl:100,ty:0,pl:0,pl2:0,sp:0,qu:0), a !bad item (cl:100,ty:0,pl:0,pl2:0,sp:0,qu:0), a !bad item (cl:100,ty:0,pl:0,pl2:0,sp:0,qu:0), a !bad item (cl:100,ty:0,pl:0,pl2:0,sp:0,qu:0), a !bad item (cl:100,ty:0,pl:0,pl2:0,sp:0,qu:0), a !bad item (cl:100,ty:0,pl:0,pl2:0,sp:0,qu:0), a !bad item (cl:100,ty:0,pl:0,pl2:0,sp:0,qu:0), a !bad item (cl:100,ty:0,pl:0,pl2:0,sp:0,qu:0), a !bad item (cl:100,ty:0,pl:0,pl2:0,sp:0,qu:0), a !bad item (cl:100,ty:0,pl:0,pl2:0,sp:0,qu:0), a !bad item (cl:100,ty:0,pl:0,pl2:0,sp:0,qu:0), a !bad item (cl:100,ty:0,pl:0,pl2:0,sp:0,qu:0), a !bad item (cl:100,ty:0,pl:0,pl2:0,sp:0,qu:0), a !bad item (cl:100,ty:0,pl:0,pl2:0,sp:0,qu:0), a !bad item (cl:100,ty:0,pl:0,pl2:0,sp:0,qu:0), a !bad item (cl:100,ty:0,pl:0,pl2:0,sp:0,qu:0), a !bad item (cl:100,ty:0,pl:0,pl2:0,sp:0,qu:0), a !bad item (cl:100,ty:0,pl:0,pl2:0,sp:0,qu:0), a !bad item (cl:100,ty:0,pl:0,pl2:0,sp:0,qu:0), a !bad item (cl:100,ty:0,pl:0,pl2:0,sp:0,qu:0), a !bad item (cl:100,ty:0,pl:0,pl2:0,sp:0,qu:0), a !bad item (cl:100,ty:0,pl:0,pl2:0,sp:0,qu:0)
     0 | D:1      | Reached XP level 1. HP: 14/14 MP: 3/3
   100 | D:1      | Learned a level 1 spell: Magic Dart
   737 | D:3      | Noticed Jessica
   788 | D:3      | Reached skill level 1 in Stealth
   788 | D:3      | Reached XP level 2. HP: 1/19 MP: 5/5
  1117 | D:3      | Noticed a crimson imp
  1128 | D:3      | Killed a crimson imp
  1128 | D:3      | Reached skill level 4 in Stealth
  1128 | D:3      | Reached XP level 3. HP: 15/24 MP: 6/6
  1180 | D:3      | Noticed a giant frog
  1184 | D:3      | Slain by a giant frog

Vault maps used:
D:1:      sevenhm_arrival_forest_fort_large_2
D:2:      nicolae_overflow_hidden_temple, first_bread
D:3:      serial_park_tiny_pond, uniq_jessica

Action                   || total
-------------------------++-------
Melee: Hand axe          ||    35
  Use: Scroll            ||     1
  Eat: Bread ration      ||     1
